 Dungeon Crawl Stone Soup version 0.23-a0-436-g57debff (webtiles) character file.

274 Inarius the Skirmisher (level 6, -1/52 HPs)
             Began as a Ghoul Fighter on Nov 16, 2018.
             Slain by a black bear (4 damage)
             ... on level 4 of the Dungeon.
             The game lasted 00:04:29 (2770 turns).

Inarius the Skirmisher (Ghoul Fighter)              Turns: 2770, Time: 00:04:30

Health: -1/52      AC: 12    Str: 20    XL:     6   Next: 24%
Magic:  5/5        EV:  3    Int:  5    God:
Gold:   221        SH:  9    Dex: 10    Spells: 5/5 levels left

rFire    . . .     SeeInvis .   a - +0 war axe
rCold    + . .     Gourm    .   c - +0 shield
rNeg     + + +     Faith    .   j - +0 plate armour (curse)
rPois    ∞         Spirit   .   (no helmet)
rElec    .         Reflect  .   u - +0 cloak
rCorr    .         Harm     .   (no gloves)
MR       .....                  (no boots)
Stlth    ..........             (no amulet)
HPRegen  0.00/turn              q - +2 ring of dexterity
MPRegen  0.09/turn              (no ring)

@: rotting
A: rotting body, claws 1, carnivore, cold resistance 1, negative energy
resistance 3, inhibited regeneration, torment resistance, unbreathing
a: no special abilities


You were on level 4 of the Dungeon.
You were not hungry.

You visited 1 branch of the dungeon, and saw 4 of its levels.

You collected 221 gold pieces.

Inventory:

Hand Weapons
 a - a +0 war axe (weapon)
Armour
 c - a +0 shield (worn)
 j - a cursed +0 plate armour (worn)
 u - a +0 cloak (worn)
Jewellery
 q - a +2 ring of dexterity (left claw)
 s - an uncursed ring of ice {unknown}
Wands
 m - a wand of polymorph (6)
Scrolls
 e - a scroll of immolation {unknown}
 g - a scroll of enchant weapon {unknown}
 h - a scroll of enchant armour {unknown}
 l - a scroll of magic mapping {unknown}
 n - 5 scrolls of identify {unknown}
 o - 2 scrolls of random uselessness {unknown}
 p - a scroll of fog {unknown}
 r - 4 scrolls of remove curse {unknown}
 x - a scroll of blinking {unknown}
 y - a scroll of teleportation {unknown}
Potions
 b - a potion of berserk rage {unknown}
 d - 2 potions of curing {unknown}
 i - a potion of lignification
 k - a potion of brilliance {unknown}
 t - 2 potions of heal wounds {unknown}
 v - a potion of degeneration {unknown}
 w - a potion of might
 A - a potion of agility {unknown}
Comestibles
 f - 8 rations
 z - 4 chunks of flesh


   Skills:
 + Level 4.1 Fighting
 * Level 3.7 Axes
 + Level 3.6 Armour
 + Level 3.8 Shields
 * Level 0.5 Evocations


You had 5 spell levels left.
You didn't know any spells.
Your spell library was empty.

Dungeon Overview and Level Annotations

Branches:
Dungeon (4/15)
 Temple: D:4-7

Altars:
Dithmenos
Gozag
Nemelex Xobeh
Qazlal
Uskayaw
Xom


Innate Abilities, Weirdness & Mutations

Your body is rotting away.
You thrive on raw meat.
You are immune to poison.
You have sharp fingernails.
You are carnivorous and can eat meat at any time.
Your flesh is cold resistant. (rC+)
You are immune to negative energy. (rN+++)
You do not regenerate when monsters are visible.
You are immune to unholy pain and torment.
You can survive without breathing.


Message History

The black bear bites you!
The black bear claws you but does no damage.
The black bear claws you. The black bear bites you!
You block the black bear's attack. x2
Your shield and plate armour prevent you from hitting the black bear.
The black bear is almost dead.
The black bear bites you!
* * * LOW HITPOINT WARNING * * *
You block the black bear's attack. The black bear claws you.
* * * LOW HITPOINT WARNING * * *
The black bear bites you but does no damage.
You block the black bear's attack.
The black bear claws you but does no damage.
Evoke which item? (* to show all) (? for menu, Esc to quit)
Okay, then.
Unknown command.
Your plate armour prevents you from hitting the black bear.
The black bear is almost dead.
The black bear bites you.
You die...

######
##....#
##...@.#
#####...##h#
#......##..#
#.###..#...#
#..##%.#
#...##.#
##...###
##...##
##...#


You could see a black bear (berserk).

Vanquished Creatures
  2 orc wizards (D:4)
  A centaur skeleton (D:4)
  Ijyb (D:3)
  Natasha (thrice) (D:3)
  An adder (D:3)
  3 dart slugs (D:1)
  4 leopard geckos
  4 orcs
  3 ball pythons
  3 giant cockroaches
  3 goblins
  5 hobgoblins
  8 jackals (D:3)
  8 kobolds
  A quokka (D:4)
  6 bats
  A frilled lizard (D:2)
  A quokka skeleton (D:4)
  9 rats
67 creatures vanquished.

Notes
Turn   | Place    | Note
-------+----------+-------------------------------------------
     0 | D:1      | Inarius the Ghoul Fighter began the quest for the Orb.
     0 | D:1      | Reached XP level 1. HP: 19/19 MP: 0/0
    61 | D:1      | Reached XP level 2. HP: 26/26 MP: 1/1
   477 | D:1      | Reached XP level 3. HP: 31/31 MP: 2/2
   999 | D:2      | Found a hide-covered altar of Uskayaw.
  1342 | D:3      | Noticed Natasha
  1351 | D:3      | Killed Natasha
  1351 | D:3      | Reached XP level 4. HP: 27/40 MP: 3/3
  1369 | D:3      | Noticed Natasha
  1380 | D:3      | HP: 2/40 [Natasha (1)]
  1385 | D:3      | Killed Natasha
  1386 | D:3      | Reached skill level 4 in Fighting
  1652 | D:3      | Noticed Natasha
  1656 | D:3      | Killed Natasha
  1656 | D:3      | Reached XP level 5. HP: 46/46 MP: 4/4
  1673 | D:3      | Noticed Ijyb
  1688 | D:3      | Killed Ijyb
  1981 | D:3      | Found a shadowy altar of Dithmenos.
  1983 | D:3      | Found an opulent altar of Gozag.
  1983 | D:3      | Found a shimmering altar of Xom.
  1985 | D:3      | Found a sparkling altar of Nemelex Xobeh.
  1985 | D:3      | Found a shadowy altar of Dithmenos.
  1985 | D:3      | Found a stormy altar of Qazlal.
  2195 | D:4      | Found a sparkling altar of Nemelex Xobeh.
  2486 | D:4      | Reached XP level 6. HP: 40/52 MP: 5/5
  2760 | D:4      | Noticed a black bear
  2770 | D:4      | Slain by a black bear

Vault maps used:
D:1:      saegor_arrival_under_anarchy
D:2:      nicolae_overflow_crystal_walls, first_ration, minmay_split_cup_small
D:3:      doesnt_xom_only_xom, uniq_ijyb, uniq_natasha
D:4:      black_bear_nest_2, lemuel_round_altar

Skill      XL: |  1  2  3  4  5 |
---------------+----------------+-----
Axes           | 2 3 |  3.7
Armour         | 3 |  3.6
Shields        | 3 |  3.8
Fighting       | 4 |  4.1
Evocations     | |  0.5

Action                   |  1- 3 |  4- 6 || total
-------------------------+-------+-------++-------
Melee: War axe           |   121 |    93 ||   214
  Use: Potion            |       |     4 ||     4
  Eat: Chunk             |    16 |    20 ||    36
Armor: Scale mail        |     8 |       ||     8
       Plate armour      |    85 |   150 ||   235
Dodge: Dodged            |    27 |    34 ||    61
Block: Shield            |    74 |    68 ||   142

Table legend:
 A = Non-vault XP
 B = Vault XP
 C = Vault XP percentage of total XP
 D = Non-vault monster count
 E = Vault monster count
 F = Vault count percentage of total count
                 A         B        C        D         E       F
            +---------+---------+-------+---------+---------+-------
      Total |     315 |      77 |  19.6 |      62 |       5 |   7.5
            +---------+---------+-------+---------+---------+-------
        D:1 |      35 |       0 |   0.0 |      17 |       0 |   0.0
        D:2 |      11 |       5 |  31.2 |       7 |       3 |  30.0
        D:3 |     127 |      72 |  36.2 |      27 |       2 |   6.9
        D:4 |     142 |       0 |   0.0 |      11 |       0 |   0.0
            +---------+---------+-------+---------+---------+-------
